Map: Acid Plant LE

Players

JonSnow - Winner!

  • Race: Zerg Zerg
  • Spawn Location: 5:00

Zanster

  • Race: Zerg Zerg
  • Spawn Location: 11:00

Event: WCS Montreal 2018

VOD

Have the link to the VOD?

Description

Time

  • Played on: Sept. 7, 2018, 3:41 p.m.
  • Length: 7:47

All games in this series

Show
View Real Time Build Order
Export as new Build Order

JonSnow Zerg - Winner!

Build Orders: Hatch First, Zergling Baneling 

Get SALT Encoding   

  12  0:00  Drone  
  13  0:13  Overlord  
  13  0:17  Drone  
  14  0:31  Drone x2  
  14  0:34  Drone  
  17  0:51  Hatchery  
  17  0:55  Drone  
  17  0:58  Drone  
  18  1:09  Extractor  
  17  1:13  Spawning Pool  
  17  1:16  Drone  
  17  1:20  Drone  
  18  1:28  Drone  
  19  1:39  Overlord  
  19  1:51  Drone  
  20  1:59  Queen  
  22  2:02  Zergling x2  
  22  2:03  Queen  
  22  2:04  Drone  
  26  2:10  Metabolic Boost  
  26  2:12  Drone  
  27  2:20  Drone  
  27  2:22  Drone  
  29  2:25  Drone  
  30  2:37  Hatchery  
  30  2:40  Drone x2  
  31  2:48  Baneling Nest  
  30  2:51  Overlord  
  30  2:55  Drone  
  30  2:56  Drone  
  32  3:04  Queen  
  34  3:13  Drone x3  
  34  3:14  Zergling x2  
  34  3:15  Zergling x2  
  39  3:24  Zergling x8  
  43  3:30  Zergling x2  
  43  3:34  Overlord  
  43  3:39  Baneling x4  
  43  3:42  Baneling  
  43  3:49  Zergling x8  
  43  3:53  Baneling  
  51  3:56  Drone  
  51  4:06  Zergling x10  
  54  4:13  Drone x3  
  54  4:16  Extractor x2  
  54  4:18  Evolution Chamber, Zergling x2  
  50  4:24  Roach Warren  
  50  4:26  Drone x5  
  50  4:27  Drone  
  53  4:34  Overlord  
  53  4:36  Lair  
  53  4:45  Zergling x10  
  56  4:47  Baneling x2  
  56  4:54  Zergling x6  
  56  4:55  Zergling x4  
  56  4:59  Zergling x4  
  61  5:02  Overlord  
  61  5:05  Drone  
  60  5:07  Drone x4  
  64  5:14  Overlord  
  64  5:16  Zerg Missile Weapons Level 1  
  64  5:19  Drone x2  
  66  5:26  Drone x3  
  68  5:32  Zergling x8  
  67  5:40  Zergling x10  
  68  5:43  Drone  
  68  5:44  Drone  
  69  5:50  Glial Reconstitution  
  68  6:01  Baneling x2  
  68  6:04  Drone x3  
  66  6:05  Extractor  
  66  6:06  Roach x6  
  78  6:17  Roach x2  
  78  6:18  Roach  
  81  6:21  Roach  
  78  6:28  Roach x3  
  78  6:31  Overlord  
  78  6:32  Overlord  
  81  6:36  Overlord x2  
  81  6:38  Baneling x2  
  81  6:39  Ravager  
  82  6:40  Overseer  
  82  6:45  Overlord  
  81  6:51  Roach x8  
  97  6:54  Overlord  
  97  6:55  Overlord  
  97  6:59  Roach x2  
  101  7:03  Roach x2  
  101  7:07  Roach x2  
  109  7:10  Roach  
  111  7:16  Overlord  
  111  7:18  Roach x3  
  117  7:25  Roach x3  
  117  7:26  Overlord  
Show
View Real Time Build Order
Export as new Build Order

Zanster Zerg 

Build Orders: Hatch First, Zergling Baneling 

Get SALT Encoding   

  12  0:03  Drone  
  13  0:13  Overlord  
  13  0:17  Drone  
  14  0:32  Drone x2  
  16  0:35  Drone  
  17  0:53  Hatchery  
  17  0:55  Drone  
  17  0:59  Drone  
  17  1:02  Extractor  
  17  1:14  Spawning Pool  
  17  1:17  Drone  
  17  1:20  Drone  
  18  1:30  Drone  
  20  1:40  Drone  
  20  1:51  Overlord  
  20  2:01  Queen  
  20  2:04  Queen  
  20  2:06  Drone x2, Metabolic Boost  
  26  2:12  Drone  
  27  2:16  Drone  
  28  2:23  Drone  
  28  2:28  Zergling x2  
  30  2:34  Drone  
  31  2:41  Hatchery  
  30  2:44  Baneling Nest  
  30  2:45  Drone  
  30  2:48  Drone  
  31  2:53  Overlord  
  31  2:55  Zergling x2  
  32  3:00  Zergling x2  
  33  3:13  Zergling x6  
  33  3:14  Zergling x8  
  33  3:16  Zergling x2  
  41  3:23  Overlord  
  41  3:25  Zergling x2  
  42  3:38  Baneling  
  42  3:39  Baneling x2  
  42  3:40  Baneling  
  42  3:42  Drone  
  42  3:43  Drone  
  42  3:45  Queen  
  42  3:46  Drone x3  
  42  3:48  Zergling x2  
  50  3:51  Baneling x2  
  50  3:54  Drone x2  
  51  4:02  Overlord  
  51  4:09  Drone x5  
  54  4:13  Baneling  
  54  4:14  Drone, Baneling  
  54  4:15  Drone  
  54  4:16  Drone  
  56  4:19  Drone  
  56  4:22  Overlord  
  57  4:33  Drone  
  57  4:34  Drone x6  
  64  4:40  Extractor  
  64  4:44  Baneling  
  64  4:45  Baneling  
  60  4:47  Drone  
  60  4:48  Queen  
  60  4:49  Overlord  
  60  4:50  Drone  
  60  4:51  Drone x2  
  60  4:52  Extractor  
  64  5:03  Overlord  
  64  5:06  Drone x7  
  67  5:07  Drone  
  67  5:08  Drone  
  67  5:13  Evolution Chamber  
  68  5:17  Zergling x4  
  68  5:18  Zergling x4  
  68  5:19  Baneling x2  
  72  5:23  Overlord  
  71  5:29  Drone  
  71  5:30  Drone x3  
  73  5:41  Zergling x10  
  71  5:50  Drone x6  
  71  5:55  Drone x3  
  77  6:01  Baneling x3  
  77  6:02  Roach Warren  
  72  6:04  Zergling x4  
  72  6:06  Extractor  
  72  6:07  Zergling x2  
  74  6:14  Zergling x6  
  74  6:15  Zergling x2  
  74  6:17  Lair  
  76  6:20  Overlord  
  69  6:33  Overlord  
  69  6:35  Drone x7  
  69  6:37  Queen  
  69  6:38  Drone  
  69  6:39  Drone x2  
  80  6:44  Extractor  
  79  6:47  Drone  
  79  6:53  Roach x5  
  90  6:54  Roach  
  90  6:55  Hatchery  
  90  6:58  Extractor  
  90  7:00  Roach  
  92  7:03  Overlord  
  92  7:11  Drone  
  92  7:12  Roach x4  
  92  7:15  Overlord  
  101  7:16  Roach  
  101  7:17  Roach x3  
  101  7:21  Overlord  
  101  7:22  Overseer  
  109  7:26  Roach x2  
  109  7:27  Roach  
Tags
 
Add a new tag
Caveats
  • Supply blocks, unpowered buildings, or Contaminate may cause inaccurate times.
  • Supply counts are checked every 10 seconds.